 Dungeon Crawl Stone Soup version 0.15.2 (webtiles) character file.

146 RottenBandages the Insei (level 5, 0/41 HPs)
             Began as a Mummy Monk on Oct 28, 2015.
             Slain by an orc wizard
             ... wielding a +0 dagger
              (1 damage)
             ... on Level 2 of the Dungeon.
             The game lasted 00:03:31 (3494 turns).

RottenBandages the Insei (Mummy Monk)               Turns: 3494, Time: 00:03:31

HP   0/41        AC  3     Str 14      XL: 5   Next:  7%
MP   5/5         EV 12     Int  9      God:
Gold 144         SH  0     Dex 15      Spells:  0 memorised,  4 levels left

rFire  x . .     SeeInvis .       - Unarmed
rCold  + . .     Clarity  .     g - +0 leather armour
rNeg   + + +     rCorr    .     (no shield)
rPois  +         rRot     +     e - +0 hat
rElec  .         Spirit   .     (no cloak)
SustAb .         Warding  .     (no gloves)
rMut   .         Stasis   .     (no boots)
Gourm  .                        (no amulet)
MR     .....                    (no ring)
                                (no ring)

@: not resistant to hostile enchantments, unstealthy
A: no food or potions, fire vulnerability, restore body, cold resistance 1,
negative energy resistance 3, poison resistance, torment resistance, unbreathing
a: no special abilities


You were on level 2 of the Dungeon.
You were not hungry.

You visited 1 branch of the dungeon, and saw 3 of its levels.

You collected 144 gold pieces.


Innate Abilities, Weirdness & Mutations

You do not eat or drink.
Your flesh is vulnerable to fire.
Your flesh is cold resistant.
You are immune to negative energy.
Your system is resistant to poisons.
You are immune to unholy pain and torment.
You can survive without breathing.


   Skills:
 - Level 3.0 Fighting
 - Level 2.4 Dodging
 - Level 1.5 Stealth
 + Level 5.3 Unarmed Combat


You had 4 spell levels left.
You didn't know any spells.

Inventory:

Missiles
 d - 27 poisoned needles
Armour
 a - a +0 robe
 e - a +0 hat (worn)
 g - a +0 leather armour (worn)
Scrolls
 b - a scroll of amnesia {unknown}
 c - a scroll of magic mapping {unknown}
 f - 2 scrolls of teleportation {unknown}
 h - a scroll of noise {unknown}
 i - a scroll of enchant armour {unknown}
 j - 2 scrolls of recharging {unknown}
 k - a scroll of identify {unknown}

Dungeon Overview and Level Annotations

Branches:
Dungeon (3/15)

Altars:

Annotations:
D:3 Grinder

#.##..# ###.####..####.##..
#######.##..###.................#
........##......###..#..####.####
#######....)....# #..#).# #.# #
#.###.###)###..#..# #.# # #.# #.#
#......#..####.# # #.#
#.####.............# # #.#
#.....o[......###.## # #.#
#####.M[.#....###.#####
#.######.###..............<
#........# #......###.#####
########.###..........#
##>..##...###### ##########


You could see an orc wizard.


Message History

You barely miss the orc wizard.
The orc wizard is heavily wounded.
The orc wizard misses you.
You closely miss the orc wizard.
You punch the orc wizard, but do no damage.
The orc wizard is heavily wounded.
The orc wizard barely misses you.
The orc wizard hits you but does no damage.
You closely miss the orc wizard.
The orc wizard is heavily wounded.
The orc wizard barely misses you.
You barely miss the orc wizard.
The orc wizard is heavily wounded.
The orc wizard hits you with a dagger.
* * * LOW HITPOINT WARNING * * *
You hit the orc wizard but do no damage.
The orc wizard is heavily wounded.
The orc wizard closely misses you. x2
You barely miss the orc wizard.
The orc wizard is heavily wounded.
The orc wizard closely misses you.
You barely miss the orc wizard.
The orc wizard is heavily wounded.
The orc wizard casts a spell at you. The puff of flame hits you!
The fire burns you terribly!
* * * LOW HITPOINT WARNING * * *
You hit the orc wizard.
The orc wizard is heavily wounded.
The orc wizard hits you with a dagger.
You die...

Action                   |  1- 3 |  4- 6 || total
-------------------------+-------+-------++-------
Melee: Unarmed           |   194 |   126 ||   320
 Stab: Sleeping          |     2 |     3 ||     5

Vault maps used:
D:1:      onia_arrival_handbag, hangedman_decor_push, hangedman_glass_teeth
D:2:      minivault_14
D:3:      uniq_natasha, uniq_grinder

Notes
Turn   | Place    | Note
--------------------------------------------------------------
     0 | D:1      | RottenBandages, the Mummy Monk, began the quest for the Orb.
     0 | D:1      | Reached XP level 1. HP: 18/18 MP: 1/1
   335 | D:1      | Reached XP level 2. HP: 22/24 MP: 2/2
  1076 | D:1      | Reached skill level 4 in Unarmed Combat
  1147 | D:2      | Reached XP level 3. HP: 9/29 MP: 3/3
  2009 | D:2      | Reached XP level 4. HP: 9/35 MP: 4/4
  2700 | D:3      | Reached skill level 5 in Unarmed Combat
  2800 | D:3      | Noticed Grinder
  2803 | D:3      | Paralysed by Grinder for 2 turns
  3171 | D:2      | Reached XP level 5. HP: 14/41 MP: 5/5
  3493 | D:2      | HP: 1/41 [orc wizard/puff of flame (15)]
  3494 | D:2      | Slain by an orc wizard

Vanquished Creatures
  An orc wizard (D:2)
  3 adders (D:2)
  An inept item mimic (D:2)
  3 worms
  An ooze (D:1)
  5 orcs (D:3)
  A ball python (D:1)
  3 giant cockroaches
  6 goblins
  5 hobgoblins (D:2)
  9 jackals
  7 kobolds
  2 quokkas
  5 bats
  A giant gecko (D:1)
  4 giant newts
  4 rats (D:1)
61 creatures vanquished.
